 Dungeon Crawl Stone Soup version 0.32-a0-131-g9dbbe29261 (webtiles) character file.

Game seed: 1392929238370100561

295233 cforsyth the Eclecticist (level 21, -2/162 HPs)
             Began as a Djinni Hexslinger on Feb 9, 2024.
             Killed from afar by an ironbound frostheart (33 damage)
             ... by creeping frost
             ... on level 4 of the Vaults.
             The game lasted 02:06:13 (62734 turns).

cforsyth the Eclecticist (Djinni Hexslinger)       Turns: 62734, Time: 02:06:14

Health: -2/162     AC: 11    Str:  5    XL:     21   Next: 77%
Gold:   1600       EV: 26    Int: 23    God:
                   SH: 33    Dex: 19

rFire   + + .        a - staff of air {!a!a}
rCold   x . .        V - +18 shield of the Gong {Loud rN+ Will+ rCorr EV-5}
rNeg    + . .        J - +0 troll leather armour
rPois   ∞            c - +2 helmet of the Sun {rElec Str-2 SInv}
rElec   +            U - +1 cloak {Will+}
rCorr   +            W - +2 pair of gloves
SInv    +            (boots unavailable)
Will    ++++.        (no amulet)
Stlth   +            e - +5 ring of evasion
HPRegen 1.27/turn    E - +5 ring of evasion
MPRegen 0.00/turn

%: infuse magic (-3 HP)
@: frozen, flying, very slow
A: sickness immunity, fire resistance 2, cold vulnerability 1, float, innate
caster, HP casting, extra vitality 1
}: 2/15 runes: decaying, serpentine
a: no special abilities


You were on level 4 of the Vaults.
You visited 6 branches of the dungeon, and saw 34 of its levels.
You also visited: Bailey.

You collected 4536 gold pieces.
You spent 2936 gold pieces at shops.


Innate Abilities, Weirdness & Mutations

You are immune to sickness and miasma.
You are immune to poison.
Your flesh is very heat resistant. (rF++)
You are vulnerable to cold. (rC-)
You float through the air rather than walking.
You learn spells naturally, not from books.
Your magical power is your life essence.
You have superior vitality. (+4 MHP)


   Skills:
 - Level 17.9 Fighting
 - Level 1.5 Ranged Weapons
 + Level 18.1 Dodging
 + Level 16.5 Shields
 + Level 18.7 Spellcasting
 + Level 18.7 Conjurations
 + Level 18.7 Hexes
 + Level 18.7 Summonings
 + Level 18.7 Necromancy
 + Level 18.7 Translocations
 + Level 18.7 Fire Magic
 + Level 18.7 Ice Magic
 + Level 18.7 Air Magic
 + Level 18.7 Earth Magic
 + Level 18.7 Alchemy


You knew the following spells:

 Your Spells              Type           Power      Damage    Failure   Level
a - Mercury Vapours       Alch/Air       100%       N/A       0%          2
b - Airstrike             Air            52%        2d(8-24)  1%          4
c - Cause Fear            Hex            41%        N/A       1%          4
d - Summon Blazeheart Go  Fire/Summ      82%        N/A       1%          4
e - Freeze                Ice            100%       1d10      0%          1
f - Inner Flame           Hex/Fire       82%        N/A       0%          3
g - Eringya's Noxious Bo  Alch           41%        4d6       1%          6
h - Enfeeble              Hex            41%        N/A       4%          7
n - Haunt                 Necr/Summ      41%        N/A       4%          7
t - Death Channel         Necr           41%        N/A       1%          6
v - Vampiric Draining     Necr           82%        2d11      0%          3
y - Curse of Agony        Necr           82%        N/A       1%          5
X - Jinxbite              Hex            100%       N/A       0%          2
Y - Sigil of Binding      Hex            82%        N/A       0%          3
Z - Dimensional Bullseye  Hex/Tloc       41%        N/A       1%          4
Your spell library was empty.

Inventory:

Hand Weapons
 i - the +6 great sword "Hola" {antimagic, rC+ Str+2 Dex+3}
   (You took it off an orc on level 9 of the Dungeon)

   Str+2:     It affects your strength (+2).
   Dex+3:     It affects your dexterity (+3).
   rC+:       It protects you from cold.
Armour
 c - the +2 helmet of the Sun (worn) {rElec Str-2 SInv}
   (You bought it in a shop on level 2 of the Orcish Mines)

   Str-2:     It affects your strength (-2).
   rElec:     It insulates you from electricity.
   SInv:      It lets you see invisible.
 J - a +0 troll leather armour (worn)
 S - the +6 leather armour of Ceyb {rC- rN+ Int+3}
   (You found it in a bailey)

   Int+3:     It affects your intelligence (+3).
   rC-:       It makes you vulnerable to cold.
   rN+:       It protects you from negative energy.
 U - a +1 cloak of willpower (worn)
 V - the +18 shield of the Gong (worn) {Loud rN+ Will+ rCorr EV-5}
   (You bought it in a shop on level 1 of the Orcish Mines)

   Loud:      It is deafeningly noisy when blocking attacks.
   EV-5:      It affects your evasion (-5).
   rN+:       It protects you from negative energy.
   Will+:     It increases your willpower.
   rCorr:     It protects you from acid and corrosion.
 W - a +2 pair of gloves (worn)
Magical Staves
 a - a staff of air (weapon) {!a!a}
 A - a staff of alchemy {!a!a}
Jewellery
 e - a +5 ring of evasion (left hand)
 q - an amulet of faith {!P!P}
 v - a ring of see invisible
 D - a +6 ring of dexterity
 E - a +5 ring of evasion (right hand)
 R - a ring of resist corrosion
Wands
 l - a wand of light (32)
 t - a wand of charming (44)
 u - a wand of flame (38)
 y - a wand of digging (17)
 B - a wand of mindburst (33)
 H - a wand of polymorph (21)
 K - a wand of iceblast (16)
Scrolls
 b - 8 scrolls of poison
 j - 4 scrolls of torment
 r - 4 scrolls of fear
 x - a scroll of blinking
 z - 2 scrolls of teleportation {@r2@r2}
 F - 2 scrolls of enchant armour
 I - 3 scrolls of vulnerability
 L - 3 scrolls of immolation
 M - 4 scrolls of noise
 N - 9 scrolls of fog
 Q - 3 scrolls of revelation
 Y - a scroll of enchant weapon
Potions
 f - 5 potions of mutation
 g - 12 potions of attraction
 h - 11 potions of curing {@q1@q1}
 k - 2 potions of lignification
 m - 4 potions of invisibility
 n - 4 potions of cancellation
 o - 8 potions of enlightenment
 p - 5 potions of ambrosia
 s - 6 potions of might
 w - 5 potions of resistance
 G - a potion of haste {@q3@q3}
 O - 2 potions of berserk rage {!q!q}
 P - 5 potions of brilliance
 X - a potion of heal wounds {@q2@q2}
Miscellaneous
 d - a sack of spiders
 C - a phantom mirror
 T - a lightning rod (4/4)

Dungeon Overview and Level Annotations

Branches:
Dungeon (15/15)            Temple (0/1) D:5            Lair (5/5) D:10
  Swamp (4/4) Lair:3        Snake (4/4) Lair:3        Slime (0/5) Lair:4
    Orc (2/2) D:9             Elf (0/3) Orc:2        Vaults (4/5) D:14
  Crypt (0/3) Vaults:3     Depths (0/4) D:15         Bailey (visited)

Altars:
Ashenzari
Cheibriados
Dithmenos
Gozag
Hepliaklqana
Makhleb
Nemelex Xobeh
Qazlal
Ru
Trog
Uskayaw
Wu Jian
Yredelemnul
Zin
The Shining One

Shops:
D:1 (   D:8 (   D:11 *   Orc:1 [   Orc:2 :*([[   Snake:4 !*(?   Vaults:1 [*
Vaults:3 ?*

Annotations:
D:14 2 transporters, jestert79's ghost, journeyman TrBr
Lair:2 2 transporters, Dittersdorf's ghost, journeyman GrFi
Lair:4 3 runed translucent doors, Oneirical's ghost, journeyman FeMo
Orc:1 2 transporters, cforsyth's ghost, journeyman DjHs

▓▓▓▓▓▓▓▓▓▓▓ ***********
..........▓ *,,,,,,,,,,
..........▓▓▓▓▓▓▓▓▓▓ *,,,*,,,*,,
..........'........▓ *,,,*,,,*,,
..........▓........▓ *,***,,,***
..........▓..▓▓▓O▓▓▓ *,,,,,,,,,,
..........▓....▓W▓(▓ *,,,,,*,,,,
▓▓▓▓▓▓▓▓▓▓▓..▓▓▓W▓§▓▓▓▓,,,....,,,
..▓ ▓....▓@/WpW.▓,**▓...*▓▓
..▓*******▓..▓▓▓.▓▓▓pW▓...▓c..▓..
..▓,,,,,,*▓..▓.▓.▓,,,.▓...▓.§.▓c.
..▓,,,,,,*▓.)▓.▓▓▓**,.+...p...cc.
..▓,,,,,,*▓......▓,,,.▓▓+▓▓▓▓▓)▓▓
..▓,,,,,,*▓▓▓▓▓▓▓▓**,.▓.......W.▓
..▓,,,,,,* *,*,*,*,O▓......Wp§▓
..▓,,,,,,* *,*,*,*,J'c......W.▓
..▓,,,,,,* *,,,,,,,.▓c....<.T.▓


You could see an ironbound thunderhulk (slow, weak-willed, ally target), an
ironbound frostheart, an arcanist (ally target), a friendly shadow wraith
(summoned, invisible), 2 friendly phantasmal warriors, a friendly freezing
wraith (summoned) and a friendly wraith (summoned).


Message History

Casting: Haunt (dangerous; 4% risk of failure)
Confirm with . or Enter, or press ? or * to list all spells.
Aiming: Haunt (dangerous; 4% risk of failure)
Press: ? - help, Dir - move target, f/p - arcanist
Aim: an arcanist, wielding a +0 dagger and wearing a +0 robe (moderately wounded, ally target) Insubstantial figures form in the air.
You hear a shout!
Your wraith disappears in a puff of smoke!
The arcanist barely misses your freezing wraith.
The ironbound frostheart calls freezing cold from the walls.
The frost grips you!!!
You feel a terrible chill!
* * * LOW HITPOINT WARNING * * *
The frost grips your phantasmal warrior!!
The frost grips your wraith! The frost grips your freezing wraith.
The frost grips your phantasmal warrior!
The frost grips your wraith!
Your wraith is destroyed!
Your wraith disappears in a puff of smoke!
You hear a bow twang.
Your shadow wraith hits the ironbound thunderhulk.
Your freezing wraith hits the arcanist!
Your freezing wraith freezes the arcanist!
Your freezing wraith barely misses the arcanist.
Unknown command.
The arcanist casts a spell at you.
The bolt of cold hits your freezing wraith.
The bolt of cold misses you.
The ironbound frostheart calls freezing cold from the walls.
The frost grips you!!
You feel a terrible chill!
You die...

Skill      XL: |  1  2  3  4  5  6  7  8  9 10 11 12 13 14 15 16 17 18 19 20 21 |
---------------+----------------------------------------------------------------+-----
Spellcasting   | 3 4 5 6 7 9 10 11 12 14 15 16 17 18 | 18.7
Conjurations   | 3 4 5 6 7 9 10 11 12 14 15 16 17 18 | 18.7
Hexes          | 3 4 5 6 7 9 10 11 12 14 15 16 17 18 | 18.7
Summonings     | 3 4 5 6 7 9 10 11 12 14 15 16 17 18 | 18.7
Necromancy     | 3 4 5 6 7 9 10 11 12 14 15 16 17 18 | 18.7
Translocations | 3 4 5 6 7 9 10 11 12 14 15 16 17 18 | 18.7
Fire Magic     | 3 4 5 6 7 9 10 11 12 14 15 16 17 18 | 18.7
Ice Magic      | 3 4 5 6 7 9 10 11 12 14 15 16 17 18 | 18.7
Air Magic      | 3 4 5 6 7 9 10 11 12 14 15 16 17 18 | 18.7
Earth Magic    | 3 4 5 6 7 9 10 11 12 14 15 16 17 18 | 18.7
Alchemy        | 3 4 5 6 7 9 10 11 12 14 15 16 17 18 | 18.7
Fighting       | 2 4 6 7 9 11 13 14 16 17 | 17.9
Shields        | 6 8 11 12 14 15 16 | 16.5
Dodging        | 7 10 12 14 15 17 18 | 18.1
Ranged Weapons | |  1.5

Action                     |  1- 3 |  4- 6 |  7- 9 | 10-12 | 13-15 | 16-18 | 19-21 || total
---------------------------+-------+-------+-------+-------+-------+-------+-------++-------
  Melee: Sling             |       |       |       |     2 |       |       |       ||     2
         Punch             |       |       |       |     1 |       |       |       ||     1
         Great sword       |       |       |       |     4 |     2 |       |       ||     6
         Unarmed           |       |       |       |       |     1 |       |       ||     1
         Staff             |       |       |       |       |       |     9 |    13 ||    22
   Fire: Sling             |    72 |   105 |   121 |       |       |       |       ||   298
   Cast: Inner Flame       |       |    14 |    63 |    24 |    69 |    44 |    45 ||   259
         Jinxbite          |       |       |     5 |       |       |       |       ||     5
         Mercury Vapours   |       |       |     1 |       |       |       |       ||     1
         Freeze            |       |       |     2 |       |       |       |    17 ||    19
         Airstrike         |       |       |    54 |   371 |   662 |  1132 |  1074 ||  3293
         Summon Blazeheart |       |       |       |       |    15 |     6 |     8 ||    29
         Vampiric Draining |       |       |       |       |     3 |       |       ||     3
         Enfeeble          |       |       |       |       |       |       |     5 ||     5
         Haunt             |       |       |       |       |       |       |    53 ||    53
  Evoke: Wand              |       |       |     3 |       |       |       |       ||     3
    Use: Scroll            |       |       |     6 |     9 |     7 |     8 |    14 ||    44
         Potion            |       |       |     1 |     2 |       |     4 |       ||     7
 Armour: Robe              |    16 |    43 |    95 |    18 |       |       |       ||   172
         Troll leather arm |       |       |       |    49 |   154 |   266 |   254 ||   723
  Dodge: Dodged            |    27 |    50 |    69 |    35 |    61 |   120 |   280 ||   642
  Block: Kite shield       |       |       |       |       |   107 |   754 |   920 ||  1781

Levels and vault maps discovered:
D:1:      dpeg_arrival_snail, layout_basic, chequers_ecumenical_altar_island,
          serial_shops, nicolae_shop_advertising_works
          [nicolae_subvault_shop_adworks], chequers_serial_rivers_marsh
D:2:      layout_rooms, basic_altar, minmay_nonomino_d4
D:3:      layout_basic, minmay_puff, uniq_grinder, uniq_sigmund, uniq_jessica
D:4:      layout_basic, mainiacjoe_overflow_small_starburst,
          kennysheep_generic_room_5
D:5:      cheibrodos_helix_gallery, layout_loops_corners,
          minmay_temple_entry_tees, uniq_ijyb, uniq_duvessa, uniq_eustachio
D:6:      layout_basic, grunt_temple_overflow_opulence,
          riverfiend_overflow_shadow_ancestor,
          mainiacjoe_overflow_surrounded_room,
          serial_library_hellmonk_recessed_alcove
D:7:      layout_rooms, grunt_temple_overflow_order_and_chaos_2,
          mainiacjoe_overflow_boulevard, nicolae_ru_awakened_eye,
          mainiacjoe_overflow_tiny_flanked, enter_bailey_3, uniq_maurice,
          uniq_pikel, uniq_joseph
D:8:      layout_basic, mainiacjoe_overflow_cross_hatched,
          nicolae_vehumet_altar_sigil, serial_shops,
          nicolae_shop_bloodbath_and_beyond
D:9:      layout_basic, overflow_temple_1_default, orc_0_dummy
D:10:     layout_rooms, kennysheep_orc_sif_temple, general_overflow_altar,
          dpeg_oklobed_lair
D:11:     layout_grid_maze, serial_shops, shop
D:12:     layout_basic
D:13:     layout_basic, hex_tiny, uniq_sonja, uniq_nessos, uniq_frances
D:14:     layout_stronghold, hellmonk_vaults_attempted_burglary, serial_bayou,
          serial_bayou_pond_d, serial_bayou_pond_a, serial_bayou_pond_d,
          serial_bayou_pond_e, serial_park_fountain, gammafunk_ghost_arena
D:15:     gammafunk_enter_depths_forms, layout_irregular_city,
          hangedman_cracks_in_the_wall
Lair:1:   layout_long_grid, grunt_megastairs_1
Lair:2:   layout_roguey, gammafunk_ghost_arena, lemuel_fruit_tree
Lair:3:   layout_regular_city, mainiacjoe_swamp_entry_lozenge_pond,
          dummy_snake_entry, grunt_megastairs_4, lemuel_fruit_fields
Lair:4:   layout_regular_city, minmay_slime_entry_oklob_open,
          ebering_ghost_rock_garden, guppyfry_lair_drakes, serial_bayou_shore_b
Lair:5:   minmay_lair_end_enchanted_forest, layout_cave_pods,
          nzn_masters_of_martial_movement
Swamp:1:  layout_basic_swamp, serial_swamp_ruin, hangedman_swamp_ruin_hall,
          evilmike_swamp_ruin_house_4, evilmike_swamp_ruin_house_2
Swamp:2:  layout_basic_swamp, evilmike_swamp_ruin_rubble_2,
          nicolae_swamp_long_stream, infiniplex_staircase_pool, uniq_jorgrun
Swamp:3:  layout_basic_swamp, evilmike_swamp_ruin_house_1, uniq_louise,
          uniq_mlioglotl
Swamp:4:  swamp, layout_basic_swamp, nicolae_swamp_decorative_isthmus
Snake:1:  cheibrodos_snake_lava_hold, layout_misc_corridors, uniq_aizul
Snake:2:  layout_layer_cave, serial_bayou_lagoon_a, uniq_azrael
Snake:3:  layout_gridlike, uniq_asterion, uniq_vashnia
Snake:4:  grunt_snake_rune_spirals, layout_onion, minmay_shop_grid_forest,
          nicolae_snake_boneroom
Orc:1:    layout_diamond_mine, gammafunk_ghost_wrathful_warriors, serial_shops,
          nicolae_shop_window_shopping, lemuel_statue_altar
Orc:2:    grunt_orc_gardens, layout_caves, grunt_orc_garden, grunt_orc_garden,
          grunt_orc_garden, grunt_orc_garden, serial_shops,
          nicolae_shop_drivethru, mines2_david
Vaults:1: nicolae_vaults_house_2, vaults_mumra_chevron_long, v_alt_pattern_3,
          hangedman_vaults_locks, nicolae_vaults_taking_the_gang_shopping,
          nicolae_vaults_diamond_1, nicolae_vaults_offset_grid_hallway_3,
          lemuel_angel_altar, hangedman_vaults_capsules,
          nicolae_vaults_trapezoid_2, nicolae_vaults_network_square,
          nicolae_vaults_windows_and_doors_thing, ontoclasm_vaults_twist,
          hangedman_vaults_snaps, layout_vaults_maze, serial_shops,
          nicolae_shop_temple_entry_statues_fountains
Vaults:2: v_pattern_5, grunt_vaults_diagonal, nicolae_vaults_diamond_1,
          nicolae_vaults_little_squares_4, minmay_guarded_unrand_sword_of_power,
          vaults_dpeg_cross, nicolae_vaults_trapezoid_4,
          hangedman_vaults_cutoff, nicolae_vaults_mini_display_case,
          vaults_room_pools, vaults_room_grunt_arrival_ludios,
          nicolae_vaults_heart-shaped_vault, v_misc_25, layout_vaults_ring
Vaults:3: nicolae_vaults_network_barrier, ontoclasm_vaults_eye,
          nicolae_vaults_house_3, nicolae_vaults_six-pack,
          hangedman_vaults_stagger, minmay_crypt_entry_necro_gods,
          nicolae_vaults_tetromino_L_2, layout_vaults_omnigrid, serial_shops,
          shop, shop
Vaults:4: nicolae_vaults_lightning_bolt, nicolae_vaults_closet_pinwheel_2,
          serial_ice_h, nicolae_vaults_network_s, st_quartered_hall,
          hangedman_vaults_nodes, v_alt_pattern_6, vaults_room_grid,
          vaults_room_large_hall, nicolae_vaults_ninety_degrees, v_misc_2,
          nicolae_vaults_two_Ls, nicolae_vaults_asterisk,
          grunt_vaults_hallway_long, layout_vaults_omnibox, serial_shops,
          bzr_entry_water, uniq_sojobo, uniq_jory

Notes
Turn   | Place    | Note
-------+----------+-------------------------------------------
     0 | D:1      | cforsyth the Djinni Hexslinger began the quest for the Orb.
     0 | D:1      | cforsyth set off with the following spells memorised:
                  | Jinxbite, Sigil of Binding, Inner Flame, Cause Fear,
                  | Dimensional Bullseye.
     0 | D:1      | Reached XP level 1. HP: 17/17 MP: 0/0
   189 | D:1      | Reached XP level 2. HP: 22/22 MP: 0/0
   191 | D:1      | Found a faded altar of an unknown god.
   367 | D:1      | Found Vipungeu's Weapon Shoppe.
   412 | D:1      | Reached skill level 3 in Spellcasting
   412 | D:1      | Reached skill level 3 in Conjurations
   412 | D:1      | Reached skill level 3 in Hexes
   412 | D:1      | Reached skill level 3 in Summonings
   412 | D:1      | Reached skill level 3 in Necromancy
   412 | D:1      | Reached skill level 3 in Translocations
   412 | D:1      | Reached skill level 3 in Fire Magic
   412 | D:1      | Reached skill level 3 in Ice Magic
   412 | D:1      | Reached skill level 3 in Air Magic
   412 | D:1      | Reached skill level 3 in Earth Magic
   412 | D:1      | Reached skill level 3 in Alchemy
   601 | D:1      | Reached skill level 2 in Fighting
   601 | D:1      | Reached XP level 3. HP: 28/28 MP: 0/0
   601 | D:1      | Learned a level 1 spell: Freeze
   810 | D:2      | Reached XP level 4. HP: 34/34 MP: 0/0
  1143 | D:2      | Found a basalt altar of Yredelemnul.
  1436 | D:3      | Noticed Jessica
  1463 | D:3      | Noticed Sigmund
  1470 | D:3      | Killed Jessica
  1470 | D:3      | Killed Sigmund
  1471 | D:3      | Reached skill level 4 in Fighting
  1471 | D:3      | Reached skill level 4 in Spellcasting
  1471 | D:3      | Reached skill level 4 in Conjurations
  1471 | D:3      | Reached skill level 4 in Hexes
  1471 | D:3      | Reached skill level 4 in Summonings
  1471 | D:3      | Reached skill level 4 in Necromancy
  1471 | D:3      | Reached skill level 4 in Translocations
  1471 | D:3      | Reached skill level 4 in Fire Magic
  1471 | D:3      | Reached skill level 4 in Ice Magic
  1471 | D:3      | Reached skill level 4 in Air Magic
  1471 | D:3      | Reached skill level 4 in Earth Magic
  1471 | D:3      | Reached skill level 4 in Alchemy
  1471 | D:3      | Reached XP level 5. HP: 14/41 MP: 0/0
  1471 | D:3      | Learned a level 2 spell: Mercury Vapours
  1471 | D:3      | Reached XP level 6. HP: 16/47 MP: 0/0
  2462 | D:3      | Noticed Grinder
  2471 | D:3      | Reached XP level 7. HP: 20/53 MP: 0/0
  2471 | D:3      | Learned a level 3 spell: Vampiric Draining
  2601 | D:3      | Killed Grinder
  2602 | D:3      | Reached skill level 5 in Fighting
  2968 | D:4      | Reached skill level 5 in Spellcasting
  2968 | D:4      | Reached skill level 5 in Conjurations
  2968 | D:4      | Reached skill level 5 in Hexes
  2968 | D:4      | Reached skill level 5 in Summonings
  2968 | D:4      | Reached skill level 5 in Necromancy
  2968 | D:4      | Reached skill level 5 in Translocations
  2968 | D:4      | Reached skill level 5 in Fire Magic
  2968 | D:4      | Reached skill level 5 in Ice Magic
  2968 | D:4      | Reached skill level 5 in Air Magic
  2968 | D:4      | Reached skill level 5 in Earth Magic
  2968 | D:4      | Reached skill level 5 in Alchemy
  3318 | D:4      | Found a stormy altar of Qazlal.
  3533 | D:4      | Reached skill level 6 in Fighting
  3533 | D:4      | Reached XP level 8. HP: 28/61 MP: 0/0
  4298 | D:5      | Entered Level 5 of the Dungeon
  4358 | D:5      | Noticed Ijyb
  4367 | D:5      | Killed Ijyb
  4585 | D:5      | Found a staircase to the Ecumenical Temple.
  5129 | D:5      | Reached skill level 7 in Fighting
  5176 | D:5      | Reached skill level 6 in Spellcasting
  5176 | D:5      | Reached skill level 6 in Conjurations
  5176 | D:5      | Reached skill level 6 in Hexes
  5176 | D:5      | Reached skill level 6 in Summonings
  5176 | D:5      | Reached skill level 6 in Necromancy
  5176 | D:5      | Reached skill level 6 in Translocations
  5176 | D:5      | Reached skill level 6 in Fire Magic
  5176 | D:5      | Reached skill level 6 in Ice Magic
  5176 | D:5      | Reached skill level 6 in Air Magic
  5176 | D:5      | Reached skill level 6 in Earth Magic
  5176 | D:5      | Reached skill level 6 in Alchemy
  5567 | D:5      | Noticed Eustachio
  5698 | D:5      | Killed Eustachio
  5699 | D:5      | Reached XP level 9. HP: 26/69 MP: 0/0
  5699 | D:5      | Learned a level 4 spell: Airstrike
  5894 | D:5      | Noticed Duvessa
  5899 | D:5      | Killed Duvessa
  5900 | D:5      | Reached skill level 8 in Fighting
  5900 | D:5      | Noticed Dowan
  5903 | D:5      | Killed Dowan
  6721 | D:6      | Found a hide-covered altar of Uskayaw.
  7181 | D:6      | Found a sparkling altar of Nemelex Xobeh.
  7181 | D:6      | Found an opulent altar of Gozag.
  7542 | D:6      | Found a shadowy altar of Dithmenos.
  7545 | D:6      | Found a hazy altar of Hepliaklqana.
  7784 | D:7      | Reached skill level 7 in Spellcasting
  7784 | D:7      | Reached skill level 7 in Conjurations
  7784 | D:7      | Reached skill level 7 in Hexes
  7784 | D:7      | Reached skill level 7 in Summonings
  7784 | D:7      | Reached skill level 7 in Necromancy
  7784 | D:7      | Reached skill level 7 in Translocations
  7784 | D:7      | Reached skill level 7 in Fire Magic
  7784 | D:7      | Reached skill level 7 in Ice Magic
  7784 | D:7      | Reached skill level 7 in Air Magic
  7784 | D:7      | Reached skill level 7 in Earth Magic
  7784 | D:7      | Reached skill level 7 in Alchemy
  7787 | D:7      | Reached skill level 9 in Fighting
  7815 | D:7      | Noticed Pikel
  7854 | D:7      | Found a flagged portal.
  7987 | Bailey   | Entered a bailey
  8612 | Bailey   | Reached XP level 10. HP: 63/78 MP: 0/0
  9068 | Bailey   | Reached skill level 10 in Fighting
  9235 | Bailey   | Reached skill level 8 in Spellcasting
  9235 | Bailey   | Reached skill level 8 in Conjurations
  9235 | Bailey   | Reached skill level 8 in Hexes
  9235 | Bailey   | Reached skill level 8 in Summonings
  9235 | Bailey   | Reached skill level 8 in Necromancy
  9235 | Bailey   | Reached skill level 8 in Translocations
  9235 | Bailey   | Reached skill level 8 in Fire Magic
  9235 | Bailey   | Reached skill level 8 in Ice Magic
  9235 | Bailey   | Reached skill level 8 in Air Magic
  9235 | Bailey   | Reached skill level 8 in Earth Magic
  9235 | Bailey   | Reached skill level 8 in Alchemy
  9584 | Bailey   | Identified the +6 leather armour of Ceyb {rC- rN+ Int+3}
  9628 | Bailey   | Noticed Grum
  9631 | Bailey   | Killed Grum
  9886 | D:7      | Noticed Maurice
  9902 | D:7      | Killed Maurice
  9985 | D:7      | Found a snail-covered altar of Cheibriados.
 10262 | D:7      | Killed Pikel
 10359 | D:7      | Found a burning altar of Makhleb.
 10364 | D:7      | Found a glowing silver altar of Zin.
 10365 | D:7      | Noticed an angel
 10366 | D:7      | Noticed a green death
 10561 | D:7      | Found a sacrificial altar of Ru.
 10759 | D:7      | Noticed Joseph
 10767 | D:7      | Killed Joseph
 10768 | D:7      | Reached skill level 11 in Fighting
 11084 | D:8      | Reached skill level 9 in Spellcasting
 11084 | D:8      | Reached skill level 9 in Conjurations
 11084 | D:8      | Reached skill level 9 in Hexes
 11084 | D:8      | Reached skill level 9 in Summonings
 11084 | D:8      | Reached skill level 9 in Necromancy
 11084 | D:8      | Reached skill level 9 in Translocations
 11084 | D:8      | Reached skill level 9 in Fire Magic
 11084 | D:8      | Reached skill level 9 in Ice Magic
 11084 | D:8      | Reached skill level 9 in Air Magic
 11084 | D:8      | Reached skill level 9 in Earth Magic
 11084 | D:8      | Reached skill level 9 in Alchemy
 11084 | D:8      | Reached XP level 11. HP: 64/87 MP: 0/0
 11084 | D:8      | Learned a level 4 spell: Summon Blazeheart Golem
 11164 | D:8      | Found Neoxihak's Weapon Boutique.
 11245 | D:8      | Found a glowing golden altar of the Shining One.
 12192 | D:9      | Reached skill level 12 in Fighting
 12273 | D:9      | Identified a potion of resistance
 12349 | D:9      | Found a staircase to the Orcish Mines.
 12370 | D:9      | Found a broken altar of Ashenzari.
 12551 | D:9      | Identified the +6 great sword "Hola" {antimagic, rC+ Str+2
                  | Dex+3}
 12692 | D:10     | Entered Level 10 of the Dungeon
 12734 | D:10     | Noticed a two-headed ogre
 12736 | D:10     | Noticed a two-headed ogre
 12738 | D:10     | Killed a two-headed ogre
 12743 | D:10     | Killed a two-headed ogre
 12759 | D:10     | Reached skill level 10 in Spellcasting
 12759 | D:10     | Reached skill level 10 in Conjurations
 12759 | D:10     | Reached skill level 10 in Hexes
 12759 | D:10     | Reached skill level 10 in Summonings
 12759 | D:10     | Reached skill level 10 in Necromancy
 12759 | D:10     | Reached skill level 10 in Translocations
 12759 | D:10     | Reached skill level 10 in Fire Magic
 12759 | D:10     | Reached skill level 10 in Ice Magic
 12759 | D:10     | Reached skill level 10 in Air Magic
 12759 | D:10     | Reached skill level 10 in Earth Magic
 12759 | D:10     | Reached skill level 10 in Alchemy
 13096 | D:10     | Found a staircase to the Lair.
 13096 | D:10     | Noticed an oklob plant
 13211 | D:10     | Reached skill level 13 in Fighting
 13348 | D:10     | Found an ornate altar of the Wu Jian Council.
 13403 | D:10     | Killed an oklob plant
 13451 | Lair:1   | Entered Level 1 of the Lair of Beasts
 13455 | Lair:1   | Reached XP level 12. HP: 89/98 MP: 0/0
 13538 | D:11     | Identified a scroll of acquirement
 13539 | D:11     | Acquired 667 gold pieces
 13580 | D:11     | Found Wiquoth's General Store.
 13859 | D:11     | Noticed a two-headed ogre
 13861 | D:11     | Killed a two-headed ogre
 13973 | D:11     | Identified the maw talisman "Zaonen" {rPois Int+3 SInv}
 14380 | D:12     | Reached skill level 11 in Spellcasting
 14380 | D:12     | Reached skill level 11 in Conjurations
 14380 | D:12     | Reached skill level 11 in Hexes
 14380 | D:12     | Reached skill level 11 in Summonings
 14380 | D:12     | Reached skill level 11 in Necromancy
 14380 | D:12     | Reached skill level 11 in Translocations
 14380 | D:12     | Reached skill level 11 in Fire Magic
 14380 | D:12     | Reached skill level 11 in Ice Magic
 14380 | D:12     | Reached skill level 11 in Air Magic
 14380 | D:12     | Reached skill level 11 in Earth Magic
 14380 | D:12     | Reached skill level 11 in Alchemy
 14493 | D:12     | Reached skill level 14 in Fighting
 15395 | Lair:1   | Reached XP level 13. HP: 33/106 MP: 0/0
 15395 | Lair:1   | Learned a level 5 spell: Curse of Agony
 15679 | Lair:1   | Reached skill level 15 in Fighting
 16332 | Lair:2   | Found a transporter.
 16332 | Lair:2   | Noticed Dittersdorf's ghost (journeyman GrFi)
 16352 | Lair:2   | Reached skill level 12 in Spellcasting
 16352 | Lair:2   | Reached skill level 12 in Conjurations
 16352 | Lair:2   | Reached skill level 12 in Hexes
 16352 | Lair:2   | Reached skill level 12 in Summonings
 16352 | Lair:2   | Reached skill level 12 in Necromancy
 16352 | Lair:2   | Reached skill level 12 in Translocations
 16352 | Lair:2   | Reached skill level 12 in Fire Magic
 16352 | Lair:2   | Reached skill level 12 in Ice Magic
 16352 | Lair:2   | Reached skill level 12 in Air Magic
 16352 | Lair:2   | Reached skill level 12 in Earth Magic
 16352 | Lair:2   | Reached skill level 12 in Alchemy
 16508 | Lair:2   | Found a transporter.
 17488 | Lair:3   | Found a staircase to the Snake Pit.
 17524 | Lair:3   | Found a staircase to the Swamp.
 17801 | Lair:4   | Reached skill level 16 in Fighting
 17870 | Lair:4   | Found a staircase to the Slime Pits.
 17990 | Lair:4   | Reached XP level 14. HP: 81/117 MP: 0/0
 18148 | Lair:4   | Reached skill level 13 in Spellcasting
 18148 | Lair:4   | Reached skill level 13 in Conjurations
 18148 | Lair:4   | Reached skill level 13 in Hexes
 18148 | Lair:4   | Reached skill level 13 in Summonings
 18148 | Lair:4   | Reached skill level 13 in Necromancy
 18148 | Lair:4   | Reached skill level 13 in Translocations
 18148 | Lair:4   | Reached skill level 13 in Fire Magic
 18148 | Lair:4   | Reached skill level 13 in Ice Magic
 18148 | Lair:4   | Reached skill level 13 in Air Magic
 18148 | Lair:4   | Reached skill level 13 in Earth Magic
 18148 | Lair:4   | Reached skill level 13 in Alchemy
 18859 | Lair:4   | Reached skill level 17 in Fighting
 18964 | Lair:4   | Found a runed translucent gate.
 18965 | Lair:4   | Found a runed translucent gate.
 18966 | Lair:4   | Found a runed translucent gate.
 18968 | Lair:4   | Noticed Oneirical's ghost (journeyman FeMo)
 19120 | Lair:5   | Entered Level 5 of the Lair of Beasts
 19120 | Lair:5   | Found a hide-covered altar of Uskayaw.
 19120 | Lair:5   | Found an ornate altar of the Wu Jian Council.
 20631 | Orc:1    | Entered Level 1 of the Orcish Mines
 20634 | Orc:1    | Noticed an orc warlord
 20635 | Orc:1    | Found a bloodstained altar of Trog.
 20635 | Orc:1    | Noticed cforsyth's ghost (journeyman DjHs)
 20640 | Orc:1    | Found a transporter.
 20645 | Orc:1    | Found a transporter.
 20949 | Orc:1    | Found Luxentoh's Armour Shoppe.
 20952 | Orc:1    | Bought a +1 cloak of willpower for 297 gold pieces
 21157 | Orc:2    | Entered Level 2 of the Orcish Mines
 21274 | Orc:2    | Noticed an orc warlord
 21284 | Orc:2    | Killed an orc warlord
 21661 | Orc:2    | Noticed an orc warlord
 22517 | Orc:1    | Bought the +18 shield of the Gong {Loud rN+ Will+ rCorr
                  | EV-5} for 1726 gold pieces
 22517 | Orc:1    | Found the +18 shield of the Gong {Loud rN+ Will+ rCorr
                  | EV-5}
 22626 | Orc:2    | Reached skill level 14 in Spellcasting
 22626 | Orc:2    | Reached skill level 14 in Conjurations
 22626 | Orc:2    | Reached skill level 14 in Hexes
 22626 | Orc:2    | Reached skill level 14 in Summonings
 22626 | Orc:2    | Reached skill level 14 in Necromancy
 22626 | Orc:2    | Reached skill level 14 in Translocations
 22626 | Orc:2    | Reached skill level 14 in Fire Magic
 22626 | Orc:2    | Reached skill level 14 in Ice Magic
 22626 | Orc:2    | Reached skill level 14 in Air Magic
 22626 | Orc:2    | Reached skill level 14 in Earth Magic
 22626 | Orc:2    | Reached skill level 14 in Alchemy
 22626 | Orc:2    | Reached XP level 15. HP: 118/126 MP: 0/0
 22626 | Orc:2    | Learned a level 6 spell: Death Channel
 22693 | Orc:2    | Killed an orc warlord
 22694 | Orc:2    | Reached skill level 1 in Shields
 22709 | Orc:2    | Reached skill level 3 in Dodging
 23392 | Orc:1    | Reached skill level 2 in Shields
 23693 | Orc:2    | Found Jyhi's General Store.
 23701 | Orc:2    | Bought a +2 pair of gloves for 231 gold pieces
 23825 | Orc:2    | Found Jimipsa's Antique Weapon Boutique.
 24145 | Orc:2    | Found Nusomp's Antique Armour Shoppe.
 24164 | Orc:2    | Found a staircase to the Elven Halls.
 24166 | Orc:2    | Bought a transparent helmet for 218 gold pieces
 24166 | Orc:2    | Identified the +2 helmet of the Sun {rElec Str-2 SInv} (You
                  | bought it in a shop on level 2 of the Orcish Mines)
 24247 | Orc:2    | Found a transporter.
 24251 | Orc:2    | Found Culeis's Armour Shop.
 24253 | Orc:2    | Found a transporter.
 24517 | Orc:2    | Found Ciuthor's Book Emporium.
 24565 | Orc:2    | Reached skill level 4 in Dodging
 24709 | Orc:2    | Reached skill level 3 in Shields
 25209 | D:13     | Noticed Sonja
 25212 | D:13     | Killed Sonja
 25292 | D:13     | Noticed Nessos
 25307 | D:13     | Killed Nessos
 25556 | D:13     | Reached skill level 5 in Dodging
 25561 | D:13     | Noticed Frances
 25569 | D:13     | Reached skill level 4 in Shields
 25576 | D:13     | Killed Frances
 25962 | D:14     | Found a transporter.
 25967 | D:14     | Noticed jestert79's ghost (journeyman TrBr)
 26329 | D:14     | Reached skill level 6 in Dodging
 26420 | D:14     | Reached skill level 5 in Shields
 26894 | D:14     | Found a transporter.
 27048 | D:14     | Found a gate to the Vaults.
 27191 | D:15     | Entered Level 15 of the Dungeon
 27428 | D:15     | Reached skill level 7 in Dodging
 27620 | D:15     | Reached skill level 6 in Shields
 27722 | D:15     | Reached XP level 16. HP: 109/132 MP: 0/0
 29006 | D:15     | Reached skill level 8 in Dodging
 29189 | D:15     | Reached skill level 7 in Shields
 30024 | D:15     | Reached skill level 15 in Spellcasting
 30024 | D:15     | Reached skill level 15 in Conjurations
 30024 | D:15     | Reached skill level 15 in Hexes
 30024 | D:15     | Reached skill level 15 in Summonings
 30024 | D:15     | Reached skill level 15 in Necromancy
 30024 | D:15     | Reached skill level 15 in Translocations
 30024 | D:15     | Reached skill level 15 in Fire Magic
 30024 | D:15     | Reached skill level 15 in Ice Magic
 30024 | D:15     | Reached skill level 15 in Air Magic
 30024 | D:15     | Reached skill level 15 in Earth Magic
 30024 | D:15     | Reached skill level 15 in Alchemy
 30150 | D:15     | Found a staircase to the Depths.
 30461 | Snake:1  | Entered Level 1 of the Snake Pit
 31974 | Snake:1  | Identified the serpent talisman of Voimnafo {rF+ MP+9}
 31974 | Snake:1  | Noticed Aizul
 31991 | Lair:3   | Killed Aizul
 32555 | Lair:3   | Reached skill level 9 in Dodging
 33006 | Lair:3   | Reached skill level 8 in Shields
 35058 | Snake:1  | HP: 9/132 [rock wall collision (15)]
 35073 | Snake:1  | HP: 5/132 [salamander tyrant (35)]
 35306 | Snake:1  | Reached skill level 10 in Dodging
 36529 | Snake:2  | Reached XP level 17. HP: 129/138 MP: 0/0
 36529 | Snake:2  | Learned a level 6 spell: Eringya's Noxious Bog
 36531 | Snake:2  | Reached skill level 9 in Shields
 37495 | Snake:2  | Noticed Azrael
 37504 | Snake:2  | Killed Azrael
 38700 | Snake:3  | Reached skill level 11 in Dodging
 38796 | Snake:3  | Reached skill level 10 in Shields
 38799 | Snake:3  | Noticed Asterion
 39179 | Snake:3  | Noticed Vashnia
 39259 | Snake:3  | Killed Vashnia
 39829 | Snake:3  | Reached skill level 16 in Spellcasting
 39829 | Snake:3  | Reached skill level 16 in Conjurations
 39829 | Snake:3  | Reached skill level 16 in Hexes
 39829 | Snake:3  | Reached skill level 16 in Summonings
 39829 | Snake:3  | Reached skill level 16 in Necromancy
 39829 | Snake:3  | Reached skill level 16 in Translocations
 39829 | Snake:3  | Reached skill level 16 in Fire Magic
 39829 | Snake:3  | Reached skill level 16 in Ice Magic
 39829 | Snake:3  | Reached skill level 16 in Air Magic
 39829 | Snake:3  | Reached skill level 16 in Earth Magic
 39829 | Snake:3  | Reached skill level 16 in Alchemy
 40178 | Snake:4  | Entered Level 4 of the Snake Pit
 40733 | Snake:4  | Reached skill level 12 in Dodging
 40880 | Snake:4  | Found Etzefel's Assorted Antiques.
 41167 | Snake:4  | Reached skill level 11 in Shields
 41339 | Snake:4  | Reached XP level 18. HP: 81/144 MP: 0/0
 41602 | Snake:4  | Found Qyud's Magic Scroll Shop.
 41604 | Snake:4  | Found Gocyvvin's Distillery.
 41604 | Snake:4  | Found Wodumixt's Weapon Shop.
 41614 | Snake:4  | Bought a potion of haste for 160 gold pieces
 41614 | Snake:4  | Bought a potion of heal wounds for 80 gold pieces
 41622 | Snake:4  | Bought a scroll of blinking for 112 gold pieces
 41622 | Snake:4  | Bought a scroll of blinking for 112 gold pieces
 42564 | Snake:4  | Reached skill level 13 in Dodging
 43110 | Snake:3  | Killed Asterion
 43516 | Snake:3  | Reached skill level 12 in Shields
 44809 | Snake:4  | Got a serpentine rune of Zot
 45003 | Snake:4  | Reached skill level 14 in Dodging
 45588 | Swamp:1  | Entered Level 1 of the Swamp
 45627 | Lair:3   | Reached XP level 19. HP: 52/150 MP: 0/0
 45627 | Lair:3   | Learned a level 7 spell: Enfeeble
 47480 | Swamp:2  | Reached skill level 17 in Spellcasting
 47480 | Swamp:2  | Reached skill level 17 in Conjurations
 47480 | Swamp:2  | Reached skill level 17 in Hexes
 47480 | Swamp:2  | Reached skill level 17 in Summonings
 47480 | Swamp:2  | Reached skill level 17 in Necromancy
 47480 | Swamp:2  | Reached skill level 17 in Translocations
 47480 | Swamp:2  | Reached skill level 17 in Fire Magic
 47480 | Swamp:2  | Reached skill level 17 in Ice Magic
 47480 | Swamp:2  | Reached skill level 17 in Air Magic
 47480 | Swamp:2  | Reached skill level 17 in Earth Magic
 47480 | Swamp:2  | Reached skill level 17 in Alchemy
 47495 | Swamp:1  | Reached skill level 13 in Shields
 47599 | Swamp:2  | Noticed Jorgrun
 47608 | Swamp:2  | Killed Jorgrun
 49046 | Swamp:3  | Noticed Louise
 49058 | Swamp:2  | Killed Louise
 49087 | Swamp:3  | Noticed Mlioglotl
 49264 | Swamp:2  | Killed Mlioglotl
 51097 | Swamp:3  | Reached skill level 15 in Dodging
 51721 | Swamp:3  | Identified the +3 orcbow of the Dwarven Hall {drain, Str+6
                  | Int+3}
 51889 | Swamp:4  | Entered Level 4 of the Swamp
 52670 | Swamp:4  | Reached skill level 14 in Shields
 53563 | Swamp:4  | Reached XP level 20. HP: 140/157 MP: 0/0
 53760 | Swamp:4  | Got a decaying rune of Zot
 54245 | Vaults:1 | Entered Level 1 of the Vaults
 55784 | D:14     | Reached skill level 16 in Dodging
 56638 | Vaults:1 | Found Ceimuts's Armour Emporium.
 56915 | Vaults:1 | Found a glowing golden altar of the Shining One.
 56979 | Vaults:1 | Found Javaxtuy's Assorted Antiques.
 57444 | Vaults:1 | Reached skill level 15 in Shields
 57684 | Vaults:2 | Reached skill level 18 in Spellcasting
 57684 | Vaults:2 | Reached skill level 18 in Conjurations
 57684 | Vaults:2 | Reached skill level 18 in Hexes
 57684 | Vaults:2 | Reached skill level 18 in Summonings
 57684 | Vaults:2 | Reached skill level 18 in Necromancy
 57684 | Vaults:2 | Reached skill level 18 in Translocations
 57684 | Vaults:2 | Reached skill level 18 in Fire Magic
 57684 | Vaults:2 | Reached skill level 18 in Ice Magic
 57684 | Vaults:2 | Reached skill level 18 in Air Magic
 57684 | Vaults:2 | Reached skill level 18 in Earth Magic
 57684 | Vaults:2 | Reached skill level 18 in Alchemy
 58941 | Vaults:2 | Reached skill level 17 in Dodging
 59110 | Vaults:2 | Reached XP level 21. HP: 117/162 MP: 0/0
 59110 | Vaults:2 | Learned a level 7 spell: Haunt
 59908 | Vaults:2 | Found the +9 sword of Power {lifebolt}
 60264 | Vaults:3 | Reached skill level 16 in Shields
 61214 | Vaults:3 | Found Gywov's Assorted Antiques.
 61631 | Vaults:3 | Found Mywnyawn's Magic Scroll Shop.
 61740 | Vaults:3 | Found a staircase to the Crypt.
 61740 | Vaults:3 | Found a basalt altar of Yredelemnul.
 61984 | Vaults:3 | Reached skill level 18 in Dodging
 62734 | Vaults:4 | Killed from afar by an ironbound frostheart

Vanquished Creatures
  Vashnia (Snake:3)
  Jorgrun (Swamp:2)
  Asterion (Snake:3)
  Mlioglotl (Swamp:2)
  A sphinx (Vaults:2)
  4 thorn hunters
  Aizul (Lair:3)
  12 nagarajas (Snake:4)
  5 vault wardens
  5 orc warlords
  A ghoul (Swamp:3)
  Louise (Swamp:2)
  6 ironbound preservers
  3 very ugly things
  A stone giant (Vaults:2)
  2 formless jellyfish
  4 ironbound thunderhulks
  7 dire elephants
  4 bunyips
  3 eleionomae
  Nessos (D:13)
  Azrael (Snake:2)
  A war gargoyle (Vaults:3)
  2 entropy weavers
  5 yaktaur captains
  A fire dragon (D:14)
  A rakshasa (D:14)
  21 hydras
  5 great orbs of eyes
  A peacekeeper (Vaults:3)
  9 salamander tyrants
  A catoblepas (D:15)
  12 alligators
  4 anacondas
  10 centaur warriors
  9 vault guards
  6 ironbound frosthearts
  6 boulder beetles
  3 two-headed ogres
  A tengu warrior (D:15)
  An orc high priest (Orc:2)
  16 naga warriors
  28 naga sharpshooters
  3 death yaks (Lair:4)
  8 shock serpents
  Sonja (D:13)
  A skyshark (Lair:4)
  8 salamander mystics
  5 spriggan druids
  10 skeletal warriors
  4 goliath frogs
  8 mana vipers
  2 sea snakes (Snake:2)
  3 arcanists (Vaults:2)
  A glowing orange brain (D:15)
  7 bog bodies
  19 deep trolls
  14 swamp dragons
  8 naga ritualists
  13 ironbound convokers
  7 lindwurms
  Pikel (D:7)
  A harpy (Vaults:2)
  9 orc knights
  5 orc sorcerers
  A human zombie (Vaults:3)
  2 oklob plants
  2 manticores
  4 will-o-the-wisps
  13 ugly things
  27 salamanders
  10 elephants (Lair:4)
  A wolf spider (D:14)
  11 cyclopes
  2 kobold blastminers
  Maurice (D:7)
  Joseph (D:7)
  33 black mambas
  A human skeleton (Vaults:3)
  12 vault sentinels
  11 guardian serpents
  2 gargoyles (D:12)
  15 naga magi
  A cane toad (shapeshifter) (D:15)
  5 cane toads
  2 unseen horrors
  11 komodo dragons
  A rime drake (shapeshifter) (D:13)
  20 yaktaurs
  A freezing wraith (D:14)
  12 trolls
  6 polar bears
  A wind drake (shapeshifter) (D:15)
  Grinder (D:3)
  8 tyrant leeches
  9 hornets
  14 dream sheep
  6 blink frogs
  A spriggan (shapeshifter) (D:14)
  Sigmund (D:3)
  18 slime creatures
  2 shadows
  14 spriggans
  31 yaks
  A culicivora (Vaults:1)
  A vampire (D:14)
  4 wyverns
  2 water elementals (D:14)
  A wraith (D:13)
  Grum (Bailey)
  5 basilisks
  A steam dragon (D:9)
  3 fire elementals (Snake:2)
  6 wargs
  Eustachio (D:5)
  14 vampire mosquitoes
  3 redbacks
  52 nagas
  13 water moccasins
  10 swamp worms
  5 hell hounds
  28 orc warriors
  A glowing shapeshifter skeleton (Vaults:3)
  Duvessa (D:5)
  10 swamp drakes (Swamp:4)
  An ice beast (D:5)
  5 black bears
  4 ogres
  29 wolves
  5 boggarts (Lair:5)
  4 centaurs
  A phantom (D:4)
  A kobold brigand (D:8)
  8 bullfrogs
  6 earth elementals (D:15)
  6 gnoll sergeants (Bailey)
  4 scorpions
  5 wights (D:7)
  Dowan (D:5)
  11 killer bees
  3 howler monkeys (D:9)
  2 electric eels (D:14)
  2 bombardier beetles
  5 hounds
  10 orc priests
  4 jellies
  8 gnoll boudas
  2 iguanas
  Ijyb (D:5)
  2 sleepcaps
  Jessica (D:3)
  31 orc wizards
  15 gnolls
  8 adders
  2 white imps (D:6)
  4 dart slugs
  79 orcs
  12 ball pythons
  10 bats
  7 endoplasms
  5 giant cockroaches
  8 goblins
  7 hobgoblins
  2 jackals (D:5)
  3 quokkas
  3 frilled lizards
  10 kobolds
  6 rats
1167 creatures vanquished.

Vanquished Creatures (collateral kills)
  Frances (D:13)
  An orc warlord (Vaults:3)
  4 ironbound preservers
  2 ironbound thunderhulks (Vaults:2)
  4 dire elephants (Vaults:3)
  A yaktaur captain (Vaults:3)
  An ironbound frostheart (Vaults:2)
  3 centaur warriors
  8 deep trolls
  A necromancer (Vaults:3)
  An orc knight (Vaults:3)
  2 ugly things (Vaults:2)
  An elephant (Lair:4)
  2 yaktaurs (Vaults:3)
  An efreet (D:13)
  A nameless horror (Vaults:2)
  A glass eye (shapeshifter) (Vaults:3)
  A centaur (D:13)
  A human skeleton (Vaults:3)
37 creatures vanquished.

Vanquished Creatures (others)
  A black mamba (Snake:2)
  3 bloated husks
  A naga (Snake:1)
  14 blazeheart cores
  9 foxfires
28 creatures vanquished.

Grand Total: 1232 creatures vanquished

Table legend: (Time is in decaauts)
 A = Elapsed time spent in this place.
 B = Non-inter-level travel time spent in this place.
 C = Inter-level travel time spent in this place.
 D = Time resting spent in this place.
 E = Time spent auto-exploring this place.
 F = Levels seen in this place.
 G = Mean time per level.
                   A        B        C        D        E       F      G
               +--------+--------+--------+--------+--------+-----+--------+
         Total |  62957 |  59999 |   2958 |  23716 |  26184 |  35 | 1798.8 |
       Dungeon |  20286 |  19004 |   1282 |   4469 |  11715 |  15 | 1352.4 |
          Lair |   9271 |   8673 |    598 |   3532 |   4065 |   5 | 1854.2 |
         Swamp |   7898 |   7712 |    186 |   4666 |   1866 |   4 | 1974.5 |
     Snake Pit |  11721 |  11291 |    430 |   4648 |   4359 |   4 | 2930.2 |
  Orcish Mines |   4397 |   4173 |    224 |   2161 |   1210 |   2 | 2198.5 |
        Vaults |   7530 |   7295 |    235 |   2887 |   2729 |   4 | 1882.5 |
        Bailey |   1852 |   1852 |      0 |   1353 |    240 |   1 | 1852.0 |
               +--------+--------+--------+--------+--------+-----+--------+

Top non-repeatable levels by time:
  Lair:3: 4742 daAuts
 Snake:4: 4315 daAuts
    D:14: 3056 daAuts
 Snake:1: 2993 daAuts
Vaults:1: 2984 daAuts
 Snake:3: 2641 daAuts
 Swamp:1: 2455 daAuts
Vaults:2: 2318 daAuts
    D:15: 2305 daAuts
   Orc:1: 2284 daAuts
Vaults:3: 2139 daAuts
   Orc:2: 2112 daAuts
     D:5: 2073 daAuts
 Swamp:2: 1937 daAuts
 Swamp:4: 1883 daAuts

Table legend:
 A = Non-vault XP
 B = Vault XP
 C = Vault XP percentage of total XP
 D = Non-vault monster count
 E = Vault monster count
 F = Vault count percentage of total count
                 A         B        C        D         E       F
            +---------+---------+-------+---------+---------+-------
      Total |  312540 |  168044 |  35.0 |     847 |     357 |  29.7
            +---------+---------+-------+---------+---------+-------
        D:1 |      29 |       0 |   0.0 |      16 |       0 |   0.0
        D:2 |      54 |      27 |  33.3 |      25 |       8 |  24.2
        D:3 |     150 |     574 |  79.3 |      17 |       8 |  32.0
        D:4 |     325 |       2 |   0.6 |      17 |       1 |   5.6
        D:5 |     775 |     559 |  41.9 |      25 |       6 |  19.4
        D:6 |     388 |       0 |   0.0 |      12 |       0 |   0.0
        D:7 |    1304 |    1601 |  55.1 |      21 |       7 |  25.0
        D:8 |    1161 |       0 |   0.0 |      23 |       0 |   0.0
        D:9 |    1610 |       0 |   0.0 |      35 |       0 |   0.0
       D:10 |    4298 |     823 |  16.1 |      24 |       5 |  17.2
       D:11 |    3081 |       0 |   0.0 |       9 |       0 |   0.0
       D:12 |    4988 |       0 |   0.0 |      16 |       0 |   0.0
       D:13 |    4349 |    3333 |  43.4 |      13 |       3 |  18.8
       D:14 |   21671 |    2921 |  11.9 |      46 |       4 |   8.0
       D:15 |   13555 |    6503 |  32.4 |      25 |      18 |  41.9
     Lair:1 |    4732 |    1106 |  18.9 |      19 |       4 |  17.4
     Lair:2 |    3402 |       0 |   0.0 |      17 |       0 |   0.0
     Lair:3 |   17170 |    3975 |  18.8 |      41 |       9 |  18.0
     Lair:4 |   13776 |    1755 |  11.3 |      40 |       5 |  11.1
     Lair:5 |    1782 |    9345 |  84.0 |       4 |      49 |  92.5
    Swamp:1 |   12506 |       0 |   0.0 |      21 |       0 |   0.0
    Swamp:2 |   11536 |    4746 |  29.1 |      25 |       3 |  10.7
    Swamp:3 |   14333 |     869 |   5.7 |      20 |       1 |   4.8
    Swamp:4 |    8687 |   16762 |  65.9 |      11 |      29 |  72.5
    Snake:1 |   10138 |    9194 |  47.6 |      22 |      14 |  38.9
    Snake:2 |   13800 |    2153 |  13.5 |      27 |       8 |  22.9
    Snake:3 |   16873 |    7293 |  30.2 |      38 |       5 |  11.6
    Snake:4 |   36054 |   35356 |  49.5 |      70 |      46 |  39.7
      Orc:1 |    3158 |     599 |  15.9 |      24 |       1 |   4.0
      Orc:2 |    3312 |    8678 |  72.4 |      28 |      29 |  50.9
   Vaults:1 |   19667 |   16057 |  44.9 |      30 |      22 |  42.3
   Vaults:2 |   28553 |   20776 |  42.1 |      39 |      26 |  40.0
   Vaults:3 |   34573 |    9827 |  22.1 |      46 |      14 |  23.3
   Vaults:4 |     750 |    1498 |  66.6 |       1 |       2 |  66.7
     Bailey |       0 |    1712 | 100.0 |       0 |      30 | 100.0
            +---------+---------+-------+---------+---------+-------
